 Dungeon Crawl Stone Soup version 0.22-a0-354-g30dfbe6 (webtiles) character file.

443 zero the Covert (level 6, 0/28 HPs)
             Began as a Spriggan Enchanter on Apr 16, 2018.
             Hit by a tomahawk of returning thrown by an orc warrior (19 damage)
             ... on level 4 of the Dungeon.
             The game lasted 00:10:27 (4042 turns).

zero the Covert (Spriggan Enchanter)                Turns: 4042, Time: 00:10:27

Health: 0/28       AC:  2    Str:  6    XL:     6   Next: 71%
Magic:  12/12      EV: 19    Int: 16    God:
Gold:   86         SH:  0    Dex: 17    Spells: 5/11 levels left

rFire    . . .     SeeInvis +   i - +3 dagger (venom)
rCold    . . .     Gourm    .   (shield restricted)
rNeg     . . .     Faith    .   b - +0 robe
rPois    +         Spirit   .   (helmet restricted)
rElec    .         Reflect  .   (no cloak)
rCorr    .         Harm     .   (gloves unavailable)
MR       +....                  (boots unavailable)
Stlth    +++++.....             (no amulet)
HPRegen  0.09/turn              e - ring of poison resistance
MPRegen  0.13/turn              (no ring)

@: very quick
A: very small, unfitting armour, see invisible, herbivore, speed 3, slow
metabolism 2
a: no special abilities


You were on level 4 of the Dungeon.
You were not hungry.

You visited 1 branch of the dungeon, and saw 5 of its levels.

You collected 86 gold pieces.

Inventory:

Hand Weapons
 a - a +1 dagger
 c - a +0 hunting sling
 i - a +3 dagger of venom (weapon)
Missiles
 h - 79 stones (quivered)
 j - a throwing net
Armour
 b - a +0 robe (worn)
Jewellery
 e - a ring of poison resistance (left hand)
Scrolls
 m - 2 scrolls of teleportation
 r - a scroll of remove curse
Potions
 f - 3 potions of curing
 g - a potion of might
 k - a potion of heal wounds
 l - a potion of haste {unknown}
 n - a potion of resistance {unknown}
 o - a potion of lignification {unknown}
Comestibles
 d - 4 rations


   Skills:
 - Level 2.0 Short Blades
 + Level 3.9 Dodging
 + Level 10.4 Stealth
 + Level 3.3 Spellcasting
 + Level 4.1 Hexes


You had 5 spell levels left.
You knew the following spells:

 Your Spells              Type           Power        Failure   Level  Hunger
a - Corona                Hex            ###....      3%          1    None
b - Ensorcelled Hibernat  Hex/Ice        #.....       12%         2    ##.....
c - Confuse               Hex            ###.....     10%         3    ###....


Dungeon Overview and Level Annotations

Branches:
Dungeon (5/15)             Temple (0/1) D:4

Altars:
Qazlal
Vehumet
Wu Jian
Zin


Innate Abilities, Weirdness & Mutations

You are very small and have problems with some larger weapons.
You are too small for most types of armour.
You have supernaturally acute eyesight. (SInv)
You are a herbivore.
You cover ground extremely quickly.
You need to consume almost no food.


Message History

There is an open door here.
The orc is too close now for your liking.
The orc warrior shouts!
The orc warrior throws a tomahawk of returning.
The tomahawk of returning misses you.
The weapon returns to the orc warrior!
There are monsters nearby!
The leopard gecko hisses angrily.
The orc warrior throws a tomahawk of returning.
The tomahawk of returning hits you!
The weapon returns to the orc warrior!
The leopard gecko barely misses you.
There are monsters nearby!
The orc shouts!
You hit the leopard gecko.
The leopard gecko is poisoned.
The leopard gecko is severely wounded.
You hear a shout!
You kill the leopard gecko!
The orc warrior throws a tomahawk of returning.
The tomahawk of returning hits you!!
Ouch! That really hurt!
You die...

.. #####..## . .. ..#........
###'###########'##........
............#.. #..##..##
♣PPP♣♣...........o. ##..##..##
♣♣♣P...P♣...........# +....l....
PPP.._.P♣...........#####........
.......P♣##'##.†.......o##[##.>##
.⌠..PPP ♣<...'..@...........#..##
...P♣ ♣♣....#..............#####
...♣♣♣♣♣.##..#..................#
......#..##..#..................#
......#.....###'###.########.....
......#.....#≈≈.≈≈#.#..#...#.....
......#####'#≈#.#≈#.#..#...###'#.
####........'.._..'.#..#.......#.
...#........#≈#.#≈#.#..#.......#.


You could see an orc warrior and an orc.

Vanquished Creatures
  A phantom (D:4)
  A howler monkey (D:4)
  An orc priest (D:4)
  A hound (D:4)
  3 orc wizards
  A worker ant (D:4)
  A howler monkey skeleton (D:4)
  7 adders
  An ooze (D:3)
  An adder skeleton (D:4)
  3 leopard geckos
  6 orcs
  6 bats
  A giant cockroach (D:1)
  6 goblins
  7 hobgoblins
  12 jackals
  6 kobolds
  A quokka (D:3)
  A ball python (D:3)
  4 frilled lizards (D:3)
  6 rats
77 creatures vanquished.

Notes
Turn   | Place    | Note
-------+----------+-------------------------------------------
     0 | D:1      | zero the Spriggan Enchanter began the quest for the Orb.
     0 | D:1      | Reached XP level 1. HP: 9/9 MP: 5/5
   289 | D:1      | Reached skill level 5 in Stealth
   437 | D:1      | Reached XP level 2. HP: 3/13 MP: 3/6
   937 | D:1      | Reached skill level 6 in Stealth
  1186 | D:1      | Learned a level 2 spell: Ensorcelled Hibernation
  1273 | D:1      | You fall through a shaft!
  1282 | D:3      | Reached XP level 3. HP: 16/16 MP: 8/8
  1301 | D:3      | Found a stormy altar of Qazlal.
  1450 | D:3      | Learned a level 3 spell: Confuse
  1614 | D:3      | Reached skill level 7 in Stealth
  1847 | D:3      | Found a glowing silver altar of Zin.
  2115 | D:5      | Entered Level 5 of the Dungeon
  2141 | D:5      | Found a radiant altar of Vehumet.
  2191 | D:5      | Reached XP level 4. HP: 21/21 MP: 9/9
  2555 | D:4      | Noticed a phantom
  2630 | D:4      | Reached skill level 8 in Stealth
  2768 | D:4      | Reached skill level 9 in Stealth
  2768 | D:4      | Reached XP level 5. HP: 20/24 MP: 1/10
  2913 | D:4      | Found a faded altar of an unknown god.
  2915 | D:4      | Found a staircase to the Ecumenical Temple.
  2923 | D:4      | Found an ornate altar of the Wu Jian Council.
  2956 | D:4      | Reached skill level 10 in Stealth
  3085 | D:4      | Noticed an orc warrior
  3087 | D:4      | Reached XP level 6. HP: 28/28 MP: 11/11
  4042 | D:4      | Hit by a tomahawk of returning thrown by an orc warrior

Vault maps used:
D:1:      minmay_arrival_four_houses
D:2:      minmay_roachtagon, old_standard_altar, nicolae_ashenzari_panopticon,
          first_ration, minmay_joined_circles, uniq_sigmund
D:3:      grunt_qazlal_sundering, lemuel_round_altar
D:4:      kennysheep_little_box, cheibriados_altar_1,
          nicolae_temple_entry_ecumenical, serial_shops, shop,
          serial_bayou_ford_a
D:5:      basic_altar, okawaru_trees_1, uniq_edmund, uniq_grinder

Skill      XL: |  1  2  3  4  5  6 |
---------------+-------------------+-----
Stealth        | 5 6 7 9 10 | 10.4
Spellcasting   | 3 |  3.3
Short Blades   | 2 |  2.0
Hexes          | 4 |  4.1
Dodging        | |  3.9

Action                   |  1- 3 |  4- 6 || total
-------------------------+-------+-------++-------
Melee: Dagger            |    96 |    65 ||   161
 Fire: Hunting sling     |    93 |     6 ||    99
Throw: Throwing net      |     1 |       ||     1
 Cast: Corona            |    14 |       ||    14
       Ensorcelled Hiber |     4 |    27 ||    31
       Confuse           |       |     1 ||     1
  Use: Potion            |     1 |       ||     1
       Scroll            |     1 |     7 ||     8
 Stab: Sleeping          |     6 |    16 ||    22
       Confused          |       |     2 ||     2
  Eat: Ration            |       |     2 ||     2
Armor: Robe              |    21 |     3 ||    24
Dodge: Dodged            |   155 |    94 ||   249

Table legend:
 A = Spawn XP
 B = Non-spawn XP
 C = Spawn XP percentage of total XP
 D = Spawn monster count
 E = Non-spawn monster count
 F = Spawn count percentage of total count
 G = Total turns spent on level
                    A         B        C        D         E        F      G
               +---------+---------+-------+---------+---------+-------+---------
         Total |       0 |     634 |   0.0 |       0 |      77 |   0.0 |  4042
               +---------+---------+-------+---------+---------+-------+---------
           D:1 |       0 |      40 |   0.0 |       0 |      23 |   0.0 |  1271
           D:3 |       0 |     134 |   0.0 |       0 |      33 |   0.0 |  1632
           D:4 |       0 |     458 |   0.0 |       0 |      20 |   0.0 |  1016
           D:5 |       0 |       2 |   0.0 |       0 |       1 |   0.0 |   118
               +---------+---------+-------+---------+---------+-------+---------
